 Dungeon Crawl Stone Soup version 0.30-a0-867-g305f33218d (webtiles) character file.

Game seed: 4775203937286309743

3551 IdlyInterested the Carver (level 9, -8/65 HPs)
             Began as a Demonspawn Gladiator on Mar 10, 2023.
             Mangled by Joseph
             ... wielding a +0 quarterstaff
              (16 damage)
             ... on level 8 of the Dungeon.
             The game lasted 00:23:43 (8118 turns).

IdlyInterested the Carver (Demonspawn Gladiator)    Turns: 8118, Time: 00:23:44

Health: -8/65      AC:  7    Str: 19    XL:     9   Next: 83%
Magic:  9/9        EV: 15    Int: 14    God:
Gold:   1          SH:  0    Dex: 26    Spells: 8/8 levels left

rFire   + . .      SeeInvis .    a - +1 long sword (chaos)
rCold   . . .      Faith    .    (no shield)
rNeg    . . .      Spirit   .    i - +2 animal skin
rPois   +          Reflect  .    (helmet unavailable)
rElec   .          Rampage  .    b - +0 cloak {rPois}
rCorr   .                        (no gloves)
Will    .....                    h - +1 pair of boots
Stlth   +                        (no amulet)
HPRegen 0.30/turn                H - ring "Jylamiqi" {rF+ Int+6 Dex+2 Slay+3}
MPRegen 0.11/turn                A - +6 ring of strength

@: silenced
A: claws 1, horns 3, demonic guardian 1, weakness stinger 1, agile 1, screaming
1
a: no special abilities


You were on level 8 of the Dungeon.
You visited 2 branches of the dungeon, and saw 9 of its levels.

You collected 389 gold pieces.
You spent 388 gold pieces at shops.

Inventory:

Hand Weapons
 a - a +1 long sword of chaos (weapon)
 c - a +2 dagger of speed
 j - a +0 rapier
 t - a +0 dagger of venom
 v - a +0 long sword
 y - a +0 dagger of freezing
 B - a +0 falchion
 C - a +0 long sword
Missiles
 d - 3 throwing nets
 e - 13 javelins
 f - 25 stones (quivered)
 p - 3 silver javelins
 r - 4 atropa-tipped darts
 G - 3 boomerangs
 I - 6 poisoned darts
Armour
 b - a +0 cloak of poison resistance (worn)
 h - a +1 pair of boots (worn)
 i - a +2 animal skin (worn)
 k - a +0 chain mail
 l - a +0 scale mail
 D - a +0 plate armour
Jewellery
 n - a ring of protection from cold
 s - a ring of positive energy
 A - a +6 ring of strength (right claw)
 H - the ring "Jylamiqi" (left claw) {rF+ Int+6 Dex+2 Slay+3}
   (You acquired it on level 8 of the Dungeon)

   [ring of intelligence]

   Int:       It affects your intelligence (+6).
   Dex:       It affects your dexterity (+2).
   Slay:      It affects your accuracy & damage with ranged weapons and melee
   (+3).
   rF:        It protects you from fire.
 P - a ring of protection from fire
Wands
 g - a wand of iceblast (4)
 F - a wand of flame (18)
Scrolls
 w - a scroll of torment
 x - a scroll of magic mapping
 J - a scroll of fog
 L - 2 scrolls of teleportation
 N - a scroll of silence
 R - a scroll of enchant weapon
Potions
 m - a potion of brilliance
 o - a potion of mutation
 q - a potion of invisibility
 u - a potion of curing
 z - a potion of cancellation
 E - a potion of resistance {unknown}
 K - 3 potions of haste
 O - a potion of flight {unknown}


   Skills:
 - Level 4.0 Fighting
 * Level 11.5 Long Blades
 - Level 2.0 Throwing
 - Level 3.0 Armour
 - Level 4.0 Dodging
 - Level 1.0 Stealth
 - Level 1.0 Shields
 + Level 2.3 Unarmed Combat
 - Level 1.0 Evocations


You had 8 spell levels left.
You didn't know any spells.
Your spell library was empty.

Dungeon Overview and Level Annotations

Branches:
Dungeon (8/15)             Temple (1/1) D:6
   Lair: D:8-11

Altars:
Ashenzari
Cheibriados
Dithmenos
Fedhas
Gozag
Hepliaklqana
Makhleb
Nemelex Xobeh
Okawaru
Qazlal
Ru
Sif Muna
Trog
Uskayaw
Wu Jian
Xom
Yredelemnul

Shops:
D:7 *

Annotations:
D:8 Joseph
Abyss:1 Duvessa


Innate Abilities, Weirdness & Mutations

You have sharp fingernails.
You have a pair of large horns on your head.
A weak demonic guardian rushes to your aid.
You have a small tail.
You are agile. (Dex +4, Str/Int -1)
You occasionally shout uncontrollably at your foes.


Message History

You barely miss the centaur.
Joseph unwields a +0 sling.
Joseph wields a +0 quarterstaff.
Joseph barely misses you. The centaur barely misses you.
The centaur kicks you but does no damage.
You slash the centaur!
The centaur appears confused.
You tail-slap the centaur.
You kill the centaur!
Joseph closely misses you.
You barely miss the water moccasin.
Your headbutt misses the water moccasin.
Joseph hits you with a +0 quarterstaff!
* * * LOW HITPOINT WARNING * * *
The water moccasin misses you.
You slash Joseph! You freeze Joseph.
Joseph is lightly wounded.
Your white imp hits Joseph but does no damage.
The water moccasin completely misses you.
Joseph barely misses your white imp.
You slash Joseph! You burn Joseph.
Joseph is moderately wounded.
The water moccasin bites you but does no damage.
Your white imp gestures at Joseph.
The puff of frost hits Joseph.
You hit Joseph. You burn Joseph.
Joseph is moderately wounded.
Joseph hits you with a +0 quarterstaff!
* * * LOW HITPOINT WARNING * * *
The water moccasin barely misses you.
Your white imp hits Joseph.
Your white imp freezes Joseph.
You closely miss Joseph. You headbutt Joseph!
Joseph is heavily wounded.
The water moccasin misses you. Joseph misses you.
You feel better.
The water moccasin completely misses you.
Your white imp hits Joseph.
Your white imp freezes Joseph.
Joseph barely misses your white imp. The water moccasin bites you.
* * * LOW HITPOINT WARNING * * *
You slice Joseph!!
Joseph easily resists.
Joseph is almost dead.
Your white imp closely misses Joseph.
Joseph hits you with a +0 quarterstaff!
You die...

#.......# #########
#.......#########.......
#......................###
#.....†....#####.#.#.###.....
#.##.......# #.#.#.###..### #
#.......# #.#..........#
#############.#...........
####..@5....#...###.....
......)@#...............
###...#S................
#...##...##...####..<.
#......<..#...####....
#..###....#...........
##.#.#....).....#
#.#.#.#.#####.## #.# # #.
#.....# ..# #. #....<#


You could see Joseph (ally target), a water moccasin and a friendly white imp
(summoned).

Vanquished Creatures
  The ghost of holysushi the Slicer, a novice OpMo of Gozag (D:5)
  Prince Ribbit (D:5)
  A shadow (D:5)
  Sigmund (D:2)
  2 steam dragons
  Menkaure (D:4)
  Edmund (D:5)
  A water moccasin (D:7)
  2 orc warriors (D:7)
  3 ice beasts
  A sky beast (D:7)
  4 centaurs
  A kobold brigand (D:7)
  A bullfrog (D:6)
  Dowan (D:5)
  5 killer bees (D:7)
  2 howler monkeys
  Crazy Yiuf (D:2)
  2 jellies
  A sleepcap (D:4)
  Terence (D:2)
  6 orc wizards
  3 iguanas
  Robin (D:2)
  2 adders
  4 gnolls
  A white imp (D:8)
  3 ufetubi
  2 worms
  2 dart slugs
  16 orcs
  6 ball pythons
  12 endoplasms
  6 giant cockroaches
  15 goblins
  11 hobgoblins
  3 jackals (D:1)
  3 quokkas
  9 bats
  4 frilled lizards
  9 kobolds
  7 rats
159 creatures vanquished.

Notes
Turn   | Place    | Note
-------+----------+-------------------------------------------
     0 | D:1      | IdlyInterested the Demonspawn Gladiator began the quest for
                  | the Orb.
     0 | D:1      | Reached XP level 1. HP: 16/16 MP: 1/1
    91 | D:1      | Reached skill level 3 in Long Blades
    91 | D:1      | Discovered your monstrous ancestry.
    91 | D:1      | Gained mutation: You have a pair of small horns on your
                  | head. [demonic ancestry]
    91 | D:1      | Reached XP level 2. HP: 18/22 MP: 2/2
   199 | D:1      | Reached skill level 1 in Armour
   381 | D:1      | Gained mutation: You have a pair of horns on your head.
                  | [demonic ancestry]
   381 | D:1      | Reached XP level 3. HP: 27/27 MP: 3/3
   833 | D:2      | Noticed Sigmund
   836 | D:2      | Reached skill level 1 in Stealth
   934 | D:2      | Reached skill level 4 in Long Blades
  1053 | D:2      | Found a blossoming altar of Fedhas.
  1140 | D:2      | Killed Sigmund
  1141 | D:2      | Reached skill level 5 in Long Blades
  1141 | D:2      | Gained mutation: You have a small tail. [demonic ancestry]
  1141 | D:2      | Reached XP level 4. HP: 19/33 MP: 4/4
  1141 | D:2      | Gained mutation: You have sharp fingernails. [demonic
                  | ancestry]
  1141 | D:2      | Reached XP level 5. HP: 22/38 MP: 5/5
  1274 | D:2      | Found a faded altar of an unknown god.
  1328 | D:2      | Noticed Robin
  1369 | D:2      | Killed Robin
  1585 | D:2      | Found a runed translucent door.
  1586 | D:2      | Noticed Crazy Yiuf
  1661 | D:2      | Gained mutation: You have a pair of large horns on your
                  | head. [demonic ancestry]
  1661 | D:2      | Reached XP level 6. HP: 44/44 MP: 6/6
  1710 | D:2      | Noticed Terence
  1722 | D:2      | Killed Terence
  1999 | D:2      | Killed Crazy Yiuf
  2000 | D:2      | Reached skill level 6 in Long Blades
  2000 | D:2      | Reached skill level 1 in Unarmed Combat
  2713 | D:3      | Found a burning altar of Makhleb.
  3501 | D:4      | Noticed Menkaure
  3509 | D:4      | Killed Menkaure
  3510 | D:4      | Reached skill level 1 in Evocations
  3510 | D:4      | Reached XP level 7. HP: 28/50 MP: 7/7
  3898 | D:5      | Entered Level 5 of the Dungeon
  3995 | D:5      | Noticed Edmund
  4016 | D:5      | Killed Edmund
  4017 | D:5      | Reached skill level 7 in Long Blades
  4017 | D:5      | Reached skill level 1 in Shields
  4090 | D:5      | Noticed a shadow
  4091 | D:5      | Found a transporter.
  4091 | D:5      | Noticed holysushi's ghost (novice OpMo)
  4111 | D:5      | Noticed Prince Ribbit
  4130 | D:5      | Killed Prince Ribbit
  4188 | D:5      | Noticed Dowan
  4189 | D:5      | Noticed Duvessa
  4194 | D:5      | Banished Duvessa
  4197 | D:5      | Killed Dowan
  4198 | D:5      | Reached skill level 8 in Long Blades
  4198 | D:5      | Reached XP level 8. HP: 58/58 MP: 8/8
  4390 | D:5      | Found a transporter.
  4630 | D:5      | Killed holysushi's ghost
  4631 | D:5      | Reached skill level 9 in Long Blades
  4810 | D:5      | Gained mutation: You occasionally shout uncontrollably at
                  | your foes. [potion of mutation]
  4810 | D:5      | Gained mutation: You are agile. (Dex +4, Str/Int -1)
                  | [potion of mutation]
  5564 | D:6      | Gained mutation: A weak demonic guardian rushes to your
                  | aid. [demonic ancestry]
  5564 | D:6      | Reached XP level 9. HP: 61/65 MP: 9/9
  5669 | D:6      | Reached skill level 10 in Long Blades
  5678 | D:6      | Found a hazy altar of Hepliaklqana.
  5780 | D:6      | Found a staircase to the Ecumenical Temple.
  5789 | Temple   | Entered the Ecumenical Temple
  6380 | D:7      | HP: 2/65 [orc wizard/magic dart (5)]
  6837 | D:7      | Found a sparkling altar of Nemelex Xobeh.
  6848 | D:7      | Reached skill level 11 in Long Blades
  6969 | D:7      | Found Yhetz's Assorted Antiques.
  7071 | D:7      | Bought a scroll labelled PAQYSSEOFE for 20 gold pieces
  7071 | D:7      | Bought a pink potion for 18 gold pieces
  7336 | D:7      | Found a shimmering blue altar of Sif Muna.
  7706 | D:7      | Bought a scroll of enchant weapon for 150 gold pieces
  7819 | D:7      | Bought a potion of haste for 200 gold pieces
  8081 | D:8      | Identified a scroll of acquirement
  8081 | D:8      | Acquired the ring "Jylamiqi" {rF+ Int+6 Dex+2 Slay+3}
  8105 | D:8      | Noticed Joseph
  8118 | D:8      | Mangled by Joseph

Illustrated notes

Levels and vault maps discovered:
D:1:      evilmike_arrival_rings, layout_loops_ring, kennysheep_doodads,
          serial_park_tiny_2
D:2:      layout_rooms, basic_altar, shapermc_ecumenical_altar_venn,
          st_stairs_6, uniq_robin, uniq_sigmund, uniq_crazy_yiuf_cottage,
          uniq_terence
D:3:      layout_basic, lemuel_tele_altar, grunt_decor_resistance
D:4:      layout_basic, uniq_menkaure
D:5:      layout_loops_ring, gammafunk_ghost_arena, uniq_prince_ribbit1,
          uniq_duvessa, uniq_edmund
D:6:      layout_basic, nicolae_hepliaklqana_hippocampus, temple_hall,
          st_stairs_6
D:7:      layout_basic, lemuel_blue_sif_altar, mainiacjoe_overflow_paths,
          serial_shops, shop, minmay_misc_feat_more_columns
D:8:      layout_loops_ring, kennysheep_generic_room_5, uniq_pikel, uniq_joseph
Temple:   compressed_dpeg_triangle_lava_temple

Skill      XL: |  1  2  3  4  5  6  7  8  9 |
---------------+----------------------------+-----
Long Blades    | 3 5 6 8 9 11 | 11.5
Armour         | 1 3 |  3.0
Stealth        | 1 |  1.0
Throwing       | 2 |  2.0
Unarmed Combat | 1 2 |  2.3
Dodging        | 3 4 |  4.0
Evocations     | 1 |  1.0
Shields        | 1 |  1.0
Fighting       | 3 4 |  4.0

Action                     |  1- 3 |  4- 6 |  7- 9 || total
---------------------------+-------+-------+-------++-------
  Melee: Long sword        |   109 |   106 |   194 ||   409
         Headbutt          |    16 |    16 |    36 ||    68
         Tailslap          |       |    14 |    23 ||    37
         Punch             |       |     1 |     2 ||     3
  Throw: Stone             |       |     1 |    12 ||    13
         Dart              |       |       |    10 ||    10
         Javelin           |       |       |     2 ||     2
    Use: Scroll            |     4 |     2 |     9 ||    15
         Potion            |       |     4 |     5 ||     9
   Stab: Sleeping          |     2 |     5 |     3 ||    10
         Invisible         |       |     2 |       ||     2
         Paralysed         |       |       |     2 ||     2
 Armour: Leather armour    |    34 |    14 |       ||    48
         Animal skin       |       |    19 |    45 ||    64
  Dodge: Dodged            |    92 |    62 |   117 ||   271

Table legend: (Time is in decaauts)
 A = Elapsed time spent in this place.
 B = Non-inter-level travel time spent in this place.
 C = Inter-level travel time spent in this place.
 D = Time resting spent in this place.
 E = Time spent auto-exploring this place.
 F = Levels seen in this place.
 G = Mean time per level.
                   A        B        C        D        E       F      G
               +--------+--------+--------+--------+--------+-----+--------+
         Total |   8123 |   7008 |   1115 |   1300 |   3978 |   9 |  902.6 |
       Dungeon |   7774 |   6672 |   1102 |   1300 |   3651 |   8 |  971.8 |
        Temple |    348 |    335 |     13 |      0 |    327 |   1 |  348.0 |
               +--------+--------+--------+--------+--------+-----+--------+

Top non-repeatable levels by time:
     D:7: 1716 daAuts
     D:2: 1242 daAuts
     D:3: 1134 daAuts
     D:6: 1060 daAuts
     D:1: 975 daAuts
     D:5: 935 daAuts
     D:4: 618 daAuts
  Temple: 348 daAuts
     D:8: 90 daAuts
